Pittsburgh Penguins vs Washington Capitals
Created - Monday, April 22, 2024 at 09:11
Goals
|
| Pittsburgh Penguins |
1 |
1 |
1 |
3 |
| Washington Capitals |
0 |
1 |
0 |
1 |
|
Shots
|
| Pittsburgh Penguins |
19 |
7 |
10 |
36 |
| Washington Capitals |
6 |
13 |
5 |
24 |
|
1st period
1. Pittsburgh Penguins , Sam Reinhart 30 (Jean-Gabriel Pageau 24) at 11:42
Penalties :
Owen Tippett (WSH) for Roughing (Minor) at 5:24
2nd period
2. Washington Capitals , Nick Foligno 5 (Dominik Kubalik 10, Drake Batherson 14) at 6:38
3. Pittsburgh Penguins , Sam Reinhart 31 (Jean-Gabriel Pageau 25, Anders Lee 29) at 14:40
Penalties :
Mattias Ekholm (PIT) for Hooking (Minor) at 4:31, Nick Foligno (WSH) for Hooking (Minor) at 19:41
3rd period
4. Pittsburgh Penguins , Pavel Buchnevich 15 (Leon Draisaitl 41, Mitchell Marner 23) at 18:23 (PP)
Penalties :
Mitchell Marner (PIT) for Holding (Minor) at 3:48, Jordan Eberle (PIT) for Delaying the game (Minor) at 6:04, Michael Mcleod (WSH) for Cross-checking (Minor) at 12:11, Phillip Danault (PIT) for Hooking (Minor) at 14:36, David Savard (WSH) for Holding Stick (Minor) at 18:11
Goalie Stats
Akira Schmid (PIT), 23 saves from 24 shots - (0.958), W, 13-6-3, 60:00 minutes
Sergei Bobrovsky (WSH), 33 saves from 36 shots - (0.917), L, 6-5-1, 60:00 minutes
Players Stats for Pittsburgh Penguins
Player Name G A P +/- PIM S H SB GA TA FO MP PP MP PK MP
------------------------------------------------------------------------------------
Anders Lee 0 1 1 2 0 1 3 0 0 0 0/0 17:15 2:57 0:38
Brian Dumoulin 0 0 0 1 0 0 2 1 0 0 0/0 22:15 3:00 3:43
Colton Sissons 0 0 0 0 0 3 0 0 0 0 1/1 6:54 0:00 0:00
Erik Gudbranson 0 0 0 0 0 2 1 1 0 0 0/0 15:17 0:00 0:20
Erik Karlsson 0 0 0 0 0 0 2 2 1 0 0/0 22:28 3:09 3:53
Gabriel Vilardi 0 0 0 0 0 2 1 0 0 0 0/0 7:18 0:03 0:00
J.J. Moser 0 0 0 1 0 0 2 0 1 0 0/0 15:57 0:00 1:08
Jean-Gabriel Pageau 0 2 2 2 0 5 3 0 0 0 7/14 16:37 2:57 0:00
Jordan Eberle 0 0 0 0 2 2 2 0 0 1 0/2 17:06 0:00 0:00
Leon Draisaitl 0 1 1 -1 0 4 1 0 0 0 11/18 20:41 3:09 3:58
Mattias Ekholm 0 0 0 -1 2 2 0 1 1 0 0/0 21:27 3:09 2:45
Mitchell Marner 0 1 1 -1 2 1 2 0 1 0 0/1 19:39 3:09 2:57
Pavel Buchnevich 1 0 1 0 0 2 1 0 1 1 0/1 20:28 3:06 4:00
Phillip Danault 0 0 0 0 2 3 1 1 0 0 4/12 12:34 0:00 0:48
Ryan Johansen 0 0 0 0 0 1 0 0 1 0 0/0 11:26 0:00 0:00
Ryan Suter 0 0 0 0 0 1 0 0 1 1 0/0 22:43 3:00 4:03
Sam Reinhart 2 0 2 2 0 7 0 0 2 0 4/6 19:44 3:00 3:31
Tom Wilson 0 0 0 0 0 0 0 0 0 0 0/0 2:11 0:06 0:00
Players Stats for Washington Capitals
Player Name G A P +/- PIM S H SB GA TA FO MP PP MP PK MP
------------------------------------------------------------------------------------
Alex Ovechkin 0 0 0 0 0 3 1 0 0 1 0/1 20:58 4:14 0:00
Brad Marchand 0 0 0 -2 0 1 1 0 0 0 0/0 15:11 0:00 3:30
Brayden Point 0 0 0 0 0 5 1 0 2 0 12/21 21:17 4:14 0:19
David Savard 0 0 0 -1 2 0 0 1 0 1 0/0 24:12 4:38 4:12
Dominik Kubalik 0 1 1 1 0 4 0 0 0 0 1/1 8:51 0:00 1:08
Drake Batherson 0 1 1 -2 0 0 5 0 0 0 0/2 15:20 3:42 0:00
Dylan DeMelo 0 0 0 -1 0 0 1 0 0 1 0/0 18:25 3:18 0:00
Erik Johnson 0 0 0 -1 0 0 2 0 0 0 0/0 16:07 0:00 1:45
Ian Cole 0 0 0 1 0 1 1 2 0 0 0/0 19:45 0:00 4:24
Isac Lundestrom 0 0 0 1 0 0 0 0 0 0 2/2 8:09 0:00 1:14
Jason Robertson 0 0 0 0 0 4 2 0 0 1 0/0 20:44 4:00 0:00
John Carlson 0 0 0 -1 0 0 2 0 1 0 0/0 21:17 4:38 0:00
Jordan Kyrou 0 0 0 0 0 3 2 0 0 0 0/0 10:33 0:00 0:00
Michael Mcleod 0 0 0 0 2 0 2 0 0 3 7/13 12:12 0:00 2:29
Nick Foligno 1 0 1 1 2 2 2 0 0 1 1/1 9:41 0:14 1:36
Nick Jensen 0 0 0 1 0 0 0 0 0 0 0/0 20:13 3:18 1:57
Nico Hischier 0 0 0 -2 0 0 0 1 0 1 5/12 17:18 3:42 2:02
Owen Tippett 0 0 0 0 2 1 0 0 0 0 0/2 13:34 3:42 0:00
3 Stars
1 - Sam Reinhart (PIT)
2 - Jean-Gabriel Pageau (PIT)
3 - Akira Schmid (PIT)
Power Play
Pittsburgh Penguins - 1 on 4 Attempt(s) - 25.00%
Washington Capitals - 0 on 4 Attempt(s) - 0.00%
Penalty Kill
Pittsburgh Penguins - 4 on 4 Attempt(s) - 100.00%
- Score 0 goal in Penalty Kill
Washington Capitals - 3 on 4 Attempt(s) - 75.00%
- Score 0 goal in Penalty Kill
Team Stat
Pittsburgh Penguins - Hits : 21 - Faceoff Wins : 27 - Blocked Shots : 6 - Penalty Minutes : 8
Washington Capitals - Hits : 22 - Faceoff Wins : 28 - Blocked Shots : 4 - Penalty Minutes : 8
Official
Referees : Chris Lee and Dan O'Rourke
Linesman : Tim Nowak and John Grandt
Game Notes
No Game Note
Finance
Level 1 -- Attendance: 5476 (91.27%) -- Ticket Income $520,220
Level 2 -- Attendance: 4685 (93.70%) -- Ticket Income $257,675
Level 3 -- Attendance: 2987 (99.57%) -- Ticket Income $98,571
Level 4 -- Attendance: 4406 (88.12%) -- Ticket Income $96,932
Luxury Box -- Attendance: 814 (81.40%) -- Ticket Income $158,730
Game was played at the Verizon Center.
Total Attendance: 18368 (91.84%)
Total Ticket Income: $1,132,128
Other Income: $396,245
Total Income: $1,528,373
Pittsburgh Penguins
5 vs 5 Forward
Center Left Wing Right Wing Time % Phy DF OF
1 Leon Draisaitl Pavel Buchnevich Mitchell Marner 30 1 2 2
2 Jean-Gabriel Pageau Anders Lee Sam Reinhart 30 1 2 2
3 Phillip Danault Jordan Eberle Ryan Johansen 25 1 2 2
4 Colton Sissons Gabriel Vilardi Jordan Eberle 15 1 2 2
5 vs 5 Defense
Defense Defense Time % Phy DF OF
1 Erik Karlsson Mattias Ekholm 35 1 2 2
2 Ryan Suter Brian Dumoulin 35 1 2 2
3 Erik Gudbranson J.J. Moser 30 1 2 2
4 Erik Karlsson Mattias Ekholm 0 1 2 2
PowerPlay Forward
Center Left Wing Right Wing Time % Phy DF OF
1 Leon Draisaitl Pavel Buchnevich Mitchell Marner 50 1 2 2
2 Jean-Gabriel Pageau Anders Lee Sam Reinhart 50 1 2 2
PowerPlay Defense
Defense Defense Time % Phy DF OF
1 Erik Karlsson Mattias Ekholm 50 1 2 2
2 Ryan Suter Brian Dumoulin 50 1 2 2
Penalty Kill 4 Players Forward
Center Wing Time % Phy DF OF
1 Leon Draisaitl Mitchell Marner 50 1 2 2
2 Sam Reinhart Pavel Buchnevich 50 1 2 2
Penalty Kill 4 Players Defense
Defense Defense Time % Phy DF OF
1 Erik Karlsson Mattias Ekholm 50 1 2 2
2 Ryan Suter Brian Dumoulin 50 1 2 2
Penalty Kill - 3 Players Forward
Forward Time % Phy DF OF
1 Leon Draisaitl 50 1 2 2
2 Mitchell Marner 50 1 2 2
Penalty Kill - 3 Players Defense
Defense Defense Time % Phy DF OF
1 Erik Karlsson Mattias Ekholm 50 1 2 2
2 Ryan Suter Brian Dumoulin 50 1 2 2
4 vs 4 Forward
Center Wing Time % Phy DF OF
1 Leon Draisaitl Mitchell Marner 50 1 2 2
2 Sam Reinhart Pavel Buchnevich 50 1 2 2
4 vs 4 Defense
Defense Defense Time % Phy DF OF
1 Erik Karlsson Mattias Ekholm 50 1 2 2
2 Ryan Suter Brian Dumoulin 50 1 2 2
Last Minutes Offensive
Center Left Wing Right Wing Defense Defense
Leon Draisaitl Pavel Buchnevich Mitchell Marner Erik Karlsson Mattias Ekholm
Last Minutes Defensive
Center Left Wing Right Wing Defense Defense
Leon Draisaitl Pavel Buchnevich Mitchell Marner Erik Karlsson Mattias Ekholm
Goaltenders
Starting : Akira Schmid
Backup : Marc-Andre Fleury
Extra Forwards
Normal : Tom Wilson, Gabriel Vilardi, Phillip Danault - PP : Tom Wilson, Gabriel Vilardi - PK : Phillip Danault
Extra Defensemen
Normal : Erik Gudbranson, J.J. Moser, Ryan Suter - PP : Erik Gudbranson - PK : J.J. Moser, Ryan Suter
Penalty Shots
Leon Draisaitl, Mitchell Marner, Sam Reinhart, Pavel Buchnevich, Jean-Gabriel Pageau
Washington Capitals
5 vs 5 Forward
Center Left Wing Right Wing Time % Phy DF OF
1 Brayden Point Alex Ovechkin Jason Robertson 40 1 1 3
2 Nico Hischier Brad Marchand Drake Batherson 30 1 1 3
3 Michael Mcleod Owen Tippett Jordan Kyrou 20 1 1 3
4 Isac Lundestrom Nick Foligno Dominik Kubalik 10 1 1 3
5 vs 5 Defense
Defense Defense Time % Phy DF OF
1 John Carlson David Savard 37 2 3 0
2 Nick Jensen Ian Cole 35 2 3 0
3 Dylan DeMelo Erik Johnson 28 2 3 0
4 John Carlson Ian Cole 0 2 3 0
PowerPlay Forward
Center Left Wing Right Wing Time % Phy DF OF
1 Brayden Point Alex Ovechkin Jason Robertson 60 1 2 2
2 Nico Hischier Owen Tippett Drake Batherson 40 1 2 2
PowerPlay Defense
Defense Defense Time % Phy DF OF
1 David Savard John Carlson 60 1 2 2
2 Dylan DeMelo Nick Jensen 40 1 2 2
Penalty Kill 4 Players Forward
Center Wing Time % Phy DF OF
1 Michael Mcleod Brad Marchand 60 1 2 2
2 Isac Lundestrom Nick Foligno 40 1 2 2
Penalty Kill 4 Players Defense
Defense Defense Time % Phy DF OF
1 David Savard Ian Cole 60 1 2 2
2 Erik Johnson Nick Jensen 40 1 2 2
Penalty Kill - 3 Players Forward
Forward Time % Phy DF OF
1 Michael Mcleod 60 1 2 2
2 Isac Lundestrom 40 1 2 2
Penalty Kill - 3 Players Defense
Defense Defense Time % Phy DF OF
1 David Savard Ian Cole 60 1 2 2
2 Erik Johnson Nick Jensen 40 1 2 2
4 vs 4 Forward
Center Wing Time % Phy DF OF
1 Brayden Point Alex Ovechkin 60 1 2 2
2 Nico Hischier Jason Robertson 40 1 2 2
4 vs 4 Defense
Defense Defense Time % Phy DF OF
1 David Savard John Carlson 60 1 2 2
2 Dylan DeMelo Nick Jensen 40 1 2 2
Last Minutes Offensive
Center Left Wing Right Wing Defense Defense
Brayden Point Alex Ovechkin Jason Robertson David Savard John Carlson
Last Minutes Defensive
Center Left Wing Right Wing Defense Defense
Nico Hischier Brad Marchand Nick Foligno Nick Jensen Ian Cole
Goaltenders
Starting : Sergei Bobrovsky
Backup : Jake Oettinger
Extra Forwards
Normal : Jordan Kyrou, Drake Batherson, Dominik Kubalik - PP : Owen Tippett, Brayden Point - PK : Nico Hischier
Extra Defensemen
Normal : Nick Jensen, Dylan DeMelo, Ian Cole - PP : John Carlson - PK : Nick Jensen, Dylan DeMelo
Penalty Shots
Jason Robertson, Drake Batherson, Brayden Point, Alex Ovechkin, David Savard
% Time on Ice - Pittsburgh Penguins
Lines # - Real PCT - Wanted PCT - Time Play
Normal Forward
1 - 31% - 30% - 14:02
2 - 30% - 30% - 13:33
3 - 25% - 25% - 11:26
4 - 15% - 15% - 6:54
Normal Defense
1 - 34% - 35% - 15:34
2 - 34% - 35% - 15:32
3 - 32% - 30% - 14:49
4 - 0% - 0% - 0:00
PP Forward
1 - 51% - 50% - 3:09
2 - 49% - 50% - 3:00
PP Defense
1 - 51% - 50% - 3:09
2 - 49% - 50% - 3:00
PK Forward
1 - 56% - 50% - 4:25
2 - 44% - 50% - 3:31
PK Defense
1 - 53% - 50% - 4:13
2 - 47% - 50% - 3:43
PK3 Forward
1 - 0% - 50%
2 - 0% - 50%
PK3 Defense
1 - 0% - 50%
2 - 0% - 50%
44 Forward
1 - 0% - 50%
2 - 0% - 50%
44 Defense
1 - 0% - 50%
2 - 0% - 50%
Last Minute Offensive - 0:00
Last Minute Defensive - 0:00
Total
Forward - 60:00
Defense - 60:00
|
% Time on Ice - Washington Capitals
Lines # - Real PCT - Wanted PCT - Time Play
Normal Forward
1 - 38% - 40% - 17:35
2 - 25% - 30% - 11:41
3 - 21% - 20% - 9:44
4 - 15% - 10% - 6:55
Normal Defense
1 - 34% - 37% - 15:23
2 - 33% - 35% - 14:58
3 - 31% - 28% - 14:21
4 - 3% - 0% - 1:13
PP Forward
1 - 53% - 60% - 4:14
2 - 47% - 40% - 3:42
PP Defense
1 - 58% - 60% - 4:38
2 - 42% - 40% - 3:18
PK Forward
1 - 85% - 60% - 5:13
2 - 15% - 40% - 0:56
PK Defense
1 - 72% - 60% - 4:24
2 - 28% - 40% - 1:45
PK3 Forward
1 - 0% - 60%
2 - 0% - 40%
PK3 Defense
1 - 0% - 60%
2 - 0% - 40%
44 Forward
1 - 0% - 60%
2 - 0% - 40%
44 Defense
1 - 0% - 60%
2 - 0% - 40%
Last Minute Offensive - 0:00
Last Minute Defensive - 0:00
Total
Forward - 60:00
Defense - 60:00
|
Play-by-Play
1st period
0:01 of 1st period - Brayden Point wins face-off versus Leon Draisaitl in neutral zone.
0:08 of 1st period - Wrist shot by Brayden Point.
0:08 of 1st period - Stopped by Akira Schmid with a rebound.
0:10 of 1st period - Snap shot by Brayden Point.
0:10 of 1st period - Stopped by Akira Schmid with a rebound.
1:13 of 1st period - David Savard is hit by J.J. Moser and loses puck.
1:30 of 1st period - Snap shot by Leon Draisaitl.
1:30 of 1st period - Stopped by Sergei Bobrovsky with a rebound.
1:32 of 1st period - Slapshot by Mattias Ekholm.
1:32 of 1st period - Stopped by Sergei Bobrovsky without a rebound.
1:33 of 1st period - Nico Hischier wins face-off versus Jean-Gabriel Pageau in Washington Capitals zone.
1:33 of 1st period - Nico Hischier is hit by Jean-Gabriel Pageau.
1:39 of 1st period - Snap shot by Sam Reinhart.
1:39 of 1st period - Shot Blocked by Nico Hischier.
2:03 of 1st period - Wrist shot by Pavel Buchnevich.
2:03 of 1st period - Shot Hit the Post.
2:51 of 1st period - Snap shot by Dominik Kubalik.
2:51 of 1st period - Stopped by Akira Schmid with a rebound.
3:13 of 1st period - Snap shot by Drake Batherson.
3:13 of 1st period - Shot Misses the Net.
3:38 of 1st period - Icing by David Savard.
3:39 of 1st period - Brayden Point wins face-off versus Mitchell Marner in Washington Capitals zone.
3:48 of 1st period - David Savard is hit by Leon Draisaitl and loses puck.
4:18 of 1st period - Mattias Ekholm is hit by Erik Johnson.
4:27 of 1st period - Icing by Erik Johnson.
4:28 of 1st period - Phillip Danault wins face-off versus Nico Hischier in Washington Capitals zone.
4:53 of 1st period - Wrist shot by Pavel Buchnevich.
4:53 of 1st period - Stopped by Sergei Bobrovsky without a rebound.
4:54 of 1st period - Leon Draisaitl wins face-off versus Owen Tippett in Washington Capitals zone.
5:24 of 1st period - Minor Penalty to Owen Tippett for Roughing.
5:25 of 1st period - Michael Mcleod wins face-off versus Sam Reinhart in Washington Capitals zone.
5:51 of 1st period - Slapshot by Leon Draisaitl.
5:51 of 1st period - Stopped by Sergei Bobrovsky with a rebound.
5:53 of 1st period - Snap shot by Ryan Suter.
5:53 of 1st period - Shot Blocked by David Savard.
5:55 of 1st period - Snap shot by Leon Draisaitl.
5:55 of 1st period - Shot Hit the Post.
7:24 of 1st period - Penalty to Owen Tippett is over, Owen Tippett is back on ice.
7:31 of 1st period - Erik Johnson is hit by Phillip Danault and loses puck.
8:02 of 1st period - Snap shot by Jason Robertson.
8:02 of 1st period - Stopped by Akira Schmid with a rebound.
8:08 of 1st period - Erik Johnson is hit by J.J. Moser and loses puck.
8:51 of 1st period - Pavel Buchnevich is hit by Michael Mcleod and loses puck.
10:22 of 1st period - Erik Karlsson is hit by Ian Cole.
10:34 of 1st period - Snap shot by Sam Reinhart.
10:34 of 1st period - Stopped by Sergei Bobrovsky without a rebound.
10:35 of 1st period - Nico Hischier wins face-off versus Jean-Gabriel Pageau in Washington Capitals zone.
11:21 of 1st period - Snap shot by Jordan Eberle.
11:21 of 1st period - Stopped by Sergei Bobrovsky without a rebound.
11:22 of 1st period - Colton Sissons wins face-off versus Owen Tippett in Washington Capitals zone.
11:23 of 1st period - Backhand shot by Gabriel Vilardi.
11:23 of 1st period - Stopped by Sergei Bobrovsky with a rebound.
11:25 of 1st period - Slapshot by Erik Gudbranson.
11:25 of 1st period - Deflect By Jordan Kyrou.
11:25 of 1st period - Stopped by Sergei Bobrovsky with a rebound.
11:27 of 1st period - Slapshot by Erik Gudbranson.
11:27 of 1st period - Stopped by Sergei Bobrovsky with a rebound.
11:29 of 1st period - Snap shot by Colton Sissons.
11:29 of 1st period - Stopped by Sergei Bobrovsky without a rebound.
11:30 of 1st period - Nico Hischier wins face-off versus Jean-Gabriel Pageau in Washington Capitals zone.
11:40 of 1st period - Wrist shot by Jean-Gabriel Pageau.
11:40 of 1st period - Stopped by Sergei Bobrovsky with a rebound.
11:42 of 1st period - Snap shot by Sam Reinhart.
11:42 of 1st period - Goal by Sam Reinhart - Pittsburgh Penguins : 1 - Washington Capitals : 0.
11:43 of 1st period - Brayden Point wins face-off versus Phillip Danault in neutral zone.
12:25 of 1st period - Brian Dumoulin is hit by Drake Batherson and loses puck.
12:44 of 1st period - Slapshot by Jean-Gabriel Pageau.
12:44 of 1st period - Stopped by Sergei Bobrovsky with a rebound.
12:46 of 1st period - Snap shot by Sam Reinhart.
12:46 of 1st period - Stopped by Sergei Bobrovsky with a rebound.
12:48 of 1st period - Snap shot by Sam Reinhart.
12:48 of 1st period - Stopped by Sergei Bobrovsky without a rebound.
12:49 of 1st period - Brayden Point wins face-off versus Phillip Danault in Washington Capitals zone.
13:27 of 1st period - Wrist shot by Mitchell Marner.
13:27 of 1st period - Stopped by Sergei Bobrovsky with a rebound.
14:02 of 1st period - Slapshot by Anders Lee.
14:02 of 1st period - Shot Misses the Net.
15:01 of 1st period - Phillip Danault is hit by Drake Batherson and loses puck.
15:22 of 1st period - Dylan DeMelo is hit by Erik Karlsson and loses puck.
15:35 of 1st period - Jason Robertson is hit by Jordan Eberle and loses puck.
16:02 of 1st period - Mattias Ekholm is hit by Jordan Kyrou and loses puck.
16:19 of 1st period - Wrist shot by Nick Foligno.
16:19 of 1st period - Shot Misses the Net.
16:31 of 1st period - Mattias Ekholm is hit by Brad Marchand and loses puck.
16:44 of 1st period - Snap shot by Phillip Danault.
16:44 of 1st period - Shot Blocked by Ian Cole.
17:07 of 1st period - Snap shot by Dominik Kubalik.
17:07 of 1st period - Stopped by Akira Schmid without a rebound.
17:08 of 1st period - Isac Lundestrom wins face-off versus Leon Draisaitl in Pittsburgh Penguins zone.
17:09 of 1st period - Slapshot by Dominik Kubalik.
17:09 of 1st period - Shot Misses the Net.
17:23 of 1st period - Slapshot by Leon Draisaitl.
17:23 of 1st period - Stopped by Sergei Bobrovsky without a rebound.
17:24 of 1st period - Jean-Gabriel Pageau wins face-off versus Brayden Point in Washington Capitals zone.
17:32 of 1st period - Icing by John Carlson.
17:33 of 1st period - Brayden Point wins face-off versus Jean-Gabriel Pageau in Washington Capitals zone.
18:18 of 1st period - John Carlson is hit by Anders Lee.
18:26 of 1st period - Wrist shot by Jean-Gabriel Pageau.
18:26 of 1st period - Stopped by Sergei Bobrovsky without a rebound.
18:27 of 1st period - Phillip Danault wins face-off versus Nico Hischier in Washington Capitals zone.
18:28 of 1st period - Snap shot by Ryan Johansen.
18:28 of 1st period - Stopped by Sergei Bobrovsky with a rebound.
18:36 of 1st period - Erik Karlsson is hit by Drake Batherson and loses puck.
19:19 of 1st period - Wrist shot by Jordan Kyrou.
19:19 of 1st period - Deflect By Owen Tippett.
19:19 of 1st period - Shot Misses the Net.
19:19 of 1st period - Puck is out of play.
19:20 of 1st period - Michael Mcleod wins face-off versus Leon Draisaitl in Pittsburgh Penguins zone.
19:21 of 1st period - Snap shot by Owen Tippett.
19:21 of 1st period - Stopped by Akira Schmid with a rebound.
19:57 of 1st period - Snap shot by Brad Marchand.
19:57 of 1st period - Shot Blocked by Erik Karlsson.
Goals for this period are 1 for Pittsburgh Penguins vs 0 for Washington Capitals.
Shots for this period are 19 for Pittsburgh Penguins vs 6 for Washington Capitals.
2nd period
0:01 of 2nd period - Brayden Point wins face-off versus Leon Draisaitl in neutral zone.
0:04 of 2nd period - Snap shot by Alex Ovechkin.
0:04 of 2nd period - Shot Misses the Net.
0:06 of 2nd period - Snap shot by Ian Cole.
0:06 of 2nd period - Deflect By Jason Robertson.
0:06 of 2nd period - Stopped by Akira Schmid with a rebound.
0:08 of 2nd period - Slapshot by Nick Jensen.
0:08 of 2nd period - Deflect By Alex Ovechkin.
0:08 of 2nd period - Shot Blocked by Mattias Ekholm.
0:08 of 2nd period - Puck is out of play.
0:09 of 2nd period - Leon Draisaitl wins face-off versus Alex Ovechkin in Pittsburgh Penguins zone.
0:22 of 2nd period - Alex Ovechkin is hit by Erik Karlsson and loses puck.
0:46 of 2nd period - Off-side.
0:47 of 2nd period - Phillip Danault wins face-off versus Nico Hischier in neutral zone.
1:14 of 2nd period - John Carlson is hit by Anders Lee and loses puck.
1:23 of 2nd period - Snap shot by Jean-Gabriel Pageau.
1:23 of 2nd period - Shot Misses the Net.
1:41 of 2nd period - Ian Cole is hit by Jordan Eberle.
2:37 of 2nd period - Erik Gudbranson is hit by Erik Johnson and loses puck.
3:00 of 2nd period - Erik Gudbranson is hit by John Carlson and loses puck.
3:21 of 2nd period - Slapshot by Dominik Kubalik.
3:21 of 2nd period - Stopped by Akira Schmid without a rebound.
3:22 of 2nd period - Brayden Point wins face-off versus Leon Draisaitl in Pittsburgh Penguins zone.
3:43 of 2nd period - Jason Robertson is hit by Mitchell Marner.
3:47 of 2nd period - Ryan Suter is hit by Dylan DeMelo and loses puck.
4:08 of 2nd period - Wrist shot by Jason Robertson.
4:08 of 2nd period - Stopped by Akira Schmid with a rebound.
4:14 of 2nd period - Wrist shot by Brayden Point.
4:14 of 2nd period - Stopped by Akira Schmid without a rebound.
4:15 of 2nd period - Nico Hischier wins face-off versus Phillip Danault in Pittsburgh Penguins zone.
4:26 of 2nd period - Wrist shot by Nico Hischier.
4:26 of 2nd period - Shot Blocked by Brian Dumoulin.
4:28 of 2nd period - Slapshot by Ian Cole.
4:28 of 2nd period - Stopped by Akira Schmid without a rebound.
4:29 of 2nd period - Jean-Gabriel Pageau wins face-off versus Drake Batherson in Pittsburgh Penguins zone.
4:31 of 2nd period - Minor Penalty to Mattias Ekholm for Hooking.
4:32 of 2nd period - Leon Draisaitl wins face-off versus Brayden Point in Pittsburgh Penguins zone.
4:48 of 2nd period - Wrist shot by Jason Robertson.
4:48 of 2nd period - Shot Misses the Net.
5:02 of 2nd period - Snap shot by Nico Hischier.
5:02 of 2nd period - Shot Misses the Net.
5:04 of 2nd period - Wrist shot by Owen Tippett.
5:04 of 2nd period - Shot Blocked by Erik Karlsson.
6:31 of 2nd period - Penalty to Mattias Ekholm is over, Mattias Ekholm is back on ice.
6:36 of 2nd period - Snap shot by Dominik Kubalik.
6:36 of 2nd period - Stopped by Akira Schmid with a rebound.
6:38 of 2nd period - Wrist shot by Nick Foligno.
6:38 of 2nd period - Goal by Nick Foligno - Pittsburgh Penguins : 1 - Washington Capitals : 1.
6:39 of 2nd period - Jean-Gabriel Pageau wins face-off versus Nico Hischier in neutral zone.
7:25 of 2nd period - Wrist shot by Alex Ovechkin.
7:25 of 2nd period - Stopped by Akira Schmid without a rebound.
7:26 of 2nd period - Leon Draisaitl wins face-off versus Brayden Point in Pittsburgh Penguins zone.
8:31 of 2nd period - Snap shot by Alex Ovechkin.
8:31 of 2nd period - Stopped by Akira Schmid without a rebound.
8:32 of 2nd period - Jean-Gabriel Pageau wins face-off versus Nico Hischier in Pittsburgh Penguins zone.
8:32 of 2nd period - Jean-Gabriel Pageau is hit by Drake Batherson.
9:25 of 2nd period - Erik Karlsson is hit by John Carlson and loses puck.
9:44 of 2nd period - Erik Karlsson is hit by Drake Batherson and loses puck.
9:53 of 2nd period - Drake Batherson is hit by Gabriel Vilardi and loses puck.
10:12 of 2nd period - Slapshot by Erik Karlsson.
10:12 of 2nd period - Deflect By Jordan Eberle.
10:12 of 2nd period - Stopped by Sergei Bobrovsky with a rebound.
10:14 of 2nd period - Snap shot by Colton Sissons.
10:14 of 2nd period - Stopped by Sergei Bobrovsky without a rebound.
10:15 of 2nd period - Brayden Point wins face-off versus Jean-Gabriel Pageau in Washington Capitals zone.
10:26 of 2nd period - Wrist shot by Anders Lee.
10:26 of 2nd period - Stopped by Sergei Bobrovsky with a rebound.
11:12 of 2nd period - Wrist shot by Nick Foligno.
11:12 of 2nd period - Shot Misses the Net.
11:30 of 2nd period - Erik Johnson is hit by Anders Lee and loses puck.
12:13 of 2nd period - Wrist shot by Owen Tippett.
12:13 of 2nd period - Shot Misses the Net.
12:16 of 2nd period - Icing by Erik Karlsson.
12:17 of 2nd period - Michael Mcleod wins face-off versus Sam Reinhart in Pittsburgh Penguins zone.
12:35 of 2nd period - Icing by Michael Mcleod.
12:36 of 2nd period - Brayden Point wins face-off versus Leon Draisaitl in Washington Capitals zone.
12:36 of 2nd period - Brayden Point is hit by Erik Gudbranson.
13:32 of 2nd period - Erik Gudbranson is hit by Jordan Kyrou and loses puck.
13:43 of 2nd period - J.J. Moser is hit by Brayden Point and loses puck.
13:56 of 2nd period - Snap shot by Sam Reinhart.
13:56 of 2nd period - Stopped by Sergei Bobrovsky without a rebound.
13:57 of 2nd period - Nick Foligno wins face-off versus Phillip Danault in Washington Capitals zone.
14:03 of 2nd period - Wrist shot by Phillip Danault.
14:03 of 2nd period - Shot Misses the Net.
14:05 of 2nd period - Snap shot by Ryan Suter.
14:05 of 2nd period - Stopped by Sergei Bobrovsky without a rebound.
14:06 of 2nd period - Phillip Danault wins face-off versus Brayden Point in Washington Capitals zone.
14:40 of 2nd period - Snap shot by Sam Reinhart.
14:40 of 2nd period - Goal by Sam Reinhart - Pittsburgh Penguins : 2 - Washington Capitals : 1.
14:41 of 2nd period - Brayden Point wins face-off versus Jean-Gabriel Pageau in neutral zone.
14:44 of 2nd period - Snap shot by Alex Ovechkin.
14:44 of 2nd period - Stopped by Akira Schmid with a rebound.
15:33 of 2nd period - Wrist shot by Jordan Kyrou.
15:33 of 2nd period - Deflect By Owen Tippett.
15:33 of 2nd period - Shot Misses the Net.
15:33 of 2nd period - Puck is out of play.
15:34 of 2nd period - Michael Mcleod wins face-off versus Jean-Gabriel Pageau in Pittsburgh Penguins zone.
15:37 of 2nd period - Snap shot by Jordan Kyrou.
15:37 of 2nd period - Stopped by Akira Schmid without a rebound.
15:38 of 2nd period - Jean-Gabriel Pageau wins face-off versus Brayden Point in Pittsburgh Penguins zone.
15:53 of 2nd period - Brayden Point is hit by Jean-Gabriel Pageau and loses puck.
16:10 of 2nd period - Wrist shot by Phillip Danault.
16:10 of 2nd period - Stopped by Sergei Bobrovsky with a rebound.
16:12 of 2nd period - Wrist shot by Ryan Johansen.
16:12 of 2nd period - Shot Misses the Net.
16:18 of 2nd period - Snap shot by Phillip Danault.
16:18 of 2nd period - Shot Misses the Net.
16:54 of 2nd period - Snap shot by Brayden Point.
16:54 of 2nd period - Stopped by Akira Schmid without a rebound.
16:55 of 2nd period - Brayden Point wins face-off versus Jordan Eberle in Pittsburgh Penguins zone.
16:58 of 2nd period - Snap shot by Jason Robertson.
16:58 of 2nd period - Shot Blocked by Phillip Danault.
17:00 of 2nd period - Snap shot by Brayden Point.
17:00 of 2nd period - Deflect By Jason Robertson.
17:00 of 2nd period - Shot Blocked by Erik Gudbranson.
17:00 of 2nd period - Puck is out of play.
17:01 of 2nd period - Brayden Point wins face-off versus Phillip Danault in Pittsburgh Penguins zone.
17:14 of 2nd period - Snap shot by Jason Robertson.
17:14 of 2nd period - Shot Misses the Net.
17:16 of 2nd period - Slapshot by Brayden Point.
17:16 of 2nd period - Shot Hit the Post.
18:52 of 2nd period - Snap shot by Nico Hischier.
18:52 of 2nd period - Shot Misses the Net.
19:30 of 2nd period - Off-side.
19:31 of 2nd period - Dominik Kubalik wins face-off versus Jordan Eberle in neutral zone.
19:34 of 2nd period - Snap shot by Nick Foligno.
19:34 of 2nd period - Stopped by Akira Schmid with a rebound.
19:41 of 2nd period - Minor Penalty to Nick Foligno for Hooking.
19:42 of 2nd period - Leon Draisaitl wins face-off versus Michael Mcleod in Washington Capitals zone.
19:43 of 2nd period - Slapshot by Pavel Buchnevich.
19:43 of 2nd period - Deflect By Leon Draisaitl.
19:43 of 2nd period - Shot Hit the Post.
19:43 of 2nd period - Puck is out of play.
19:44 of 2nd period - Michael Mcleod wins face-off versus Pavel Buchnevich in Washington Capitals zone.
Goals for this period are 1 for Pittsburgh Penguins vs 1 for Washington Capitals.
Shots for this period are 7 for Pittsburgh Penguins vs 13 for Washington Capitals.
3rd period
0:01 of 3rd period - Sam Reinhart wins face-off versus Michael Mcleod in neutral zone.
0:03 of 3rd period - Off-side.
0:04 of 3rd period - Jean-Gabriel Pageau wins face-off versus Michael Mcleod in neutral zone.
0:17 of 3rd period - Snap shot by Sam Reinhart.
0:17 of 3rd period - Shot Blocked by Ian Cole.
0:19 of 3rd period - Snap shot by Sam Reinhart.
0:19 of 3rd period - Stopped by Sergei Bobrovsky without a rebound.
0:20 of 3rd period - Leon Draisaitl wins face-off versus Michael Mcleod in Washington Capitals zone.
0:37 of 3rd period - Backhand shot by Leon Draisaitl.
0:37 of 3rd period - Stopped by Sergei Bobrovsky with a rebound.
1:41 of 3rd period - Penalty to Nick Foligno is over, Nick Foligno is back on ice.
1:56 of 3rd period - Dylan DeMelo is hit by Brian Dumoulin and loses puck.
2:07 of 3rd period - J.J. Moser is hit by Jason Robertson.
2:49 of 3rd period - Wrist shot by Jean-Gabriel Pageau.
2:49 of 3rd period - Stopped by Sergei Bobrovsky without a rebound.
2:50 of 3rd period - Sam Reinhart wins face-off versus Brayden Point in Washington Capitals zone.
2:53 of 3rd period - Snap shot by Jean-Gabriel Pageau.
2:53 of 3rd period - Stopped by Sergei Bobrovsky with a rebound.
3:21 of 3rd period - Wrist shot by Jason Robertson.
3:21 of 3rd period - Shot Misses the Net.
3:23 of 3rd period - Snap shot by Brayden Point.
3:23 of 3rd period - Shot Misses the Net.
3:25 of 3rd period - Wrist shot by Jason Robertson.
3:25 of 3rd period - Stopped by Akira Schmid with a rebound.
3:27 of 3rd period - Wrist shot by Alex Ovechkin.
3:27 of 3rd period - Shot Misses the Net.
3:45 of 3rd period - Wrist shot by Brayden Point.
3:45 of 3rd period - Stopped by Akira Schmid without a rebound.
3:46 of 3rd period - Leon Draisaitl wins face-off versus Nico Hischier in Pittsburgh Penguins zone.
3:48 of 3rd period - Minor Penalty to Mitchell Marner for Holding.
3:49 of 3rd period - Leon Draisaitl wins face-off versus Drake Batherson in Pittsburgh Penguins zone.
4:03 of 3rd period - Snap shot by Owen Tippett.
4:03 of 3rd period - Shot Misses the Net.
4:05 of 3rd period - Slapshot by David Savard.
4:05 of 3rd period - Shot Misses the Net.
5:39 of 3rd period - Pavel Buchnevich is hit by Alex Ovechkin and loses puck.
5:48 of 3rd period - Penalty to Mitchell Marner is over, Mitchell Marner is back on ice.
5:59 of 3rd period - Off-side.
6:00 of 3rd period - Isac Lundestrom wins face-off versus Phillip Danault in neutral zone.
6:04 of 3rd period - Minor Penalty to Jordan Eberle for Delaying the game.
6:05 of 3rd period - Sam Reinhart wins face-off versus Brayden Point in Pittsburgh Penguins zone.
6:29 of 3rd period - John Carlson is hit by Mitchell Marner.
8:04 of 3rd period - Penalty to Jordan Eberle is over, Jordan Eberle is back on ice.
8:35 of 3rd period - Colton Sissons is hit by Michael Mcleod and loses puck.
9:02 of 3rd period - Backhand shot by Ryan Johansen.
9:02 of 3rd period - Shot Misses the Net.
9:04 of 3rd period - Snap shot by Brian Dumoulin.
9:04 of 3rd period - Shot Misses the Net.
9:06 of 3rd period - Snap shot by Phillip Danault.
9:06 of 3rd period - Stopped by Sergei Bobrovsky without a rebound.
9:07 of 3rd period - Leon Draisaitl wins face-off versus Michael Mcleod in Washington Capitals zone.
9:35 of 3rd period - John Carlson is hit by Brian Dumoulin.
10:21 of 3rd period - Snap shot by Drake Batherson.
10:21 of 3rd period - Deflect By Brad Marchand.
10:21 of 3rd period - Stopped by Akira Schmid without a rebound.
10:22 of 3rd period - Leon Draisaitl wins face-off versus Brayden Point in Pittsburgh Penguins zone.
11:10 of 3rd period - Off-side.
11:11 of 3rd period - Jean-Gabriel Pageau wins face-off versus Nico Hischier in neutral zone.
11:40 of 3rd period - Brian Dumoulin is hit by Jason Robertson and loses puck.
12:03 of 3rd period - Wrist shot by Gabriel Vilardi.
12:03 of 3rd period - Stopped by Sergei Bobrovsky with a rebound.
12:05 of 3rd period - Wrist shot by Colton Sissons.
12:05 of 3rd period - Stopped by Sergei Bobrovsky with a rebound.
12:11 of 3rd period - Minor Penalty to Michael Mcleod for Cross-checking.
12:12 of 3rd period - Nico Hischier wins face-off versus Leon Draisaitl in Washington Capitals zone.
12:41 of 3rd period - David Savard is hit by Jean-Gabriel Pageau and loses puck.
12:48 of 3rd period - Snap shot by Sam Reinhart.
12:48 of 3rd period - Shot Misses the Net.
12:50 of 3rd period - Slapshot by Mattias Ekholm.
12:50 of 3rd period - Stopped by Sergei Bobrovsky with a rebound.
14:11 of 3rd period - Penalty to Michael Mcleod is over, Michael Mcleod is back on ice.
14:16 of 3rd period - Snap shot by Jordan Kyrou.
14:16 of 3rd period - Stopped by Akira Schmid with a rebound.
14:18 of 3rd period - Slapshot by Erik Johnson.
14:18 of 3rd period - Shot Misses the Net.
14:20 of 3rd period - Slapshot by Jordan Kyrou.
14:20 of 3rd period - Stopped by Akira Schmid without a rebound.
14:21 of 3rd period - Michael Mcleod wins face-off versus Phillip Danault in Pittsburgh Penguins zone.
14:36 of 3rd period - Minor Penalty to Phillip Danault for Hooking.
14:37 of 3rd period - Sam Reinhart wins face-off versus Brayden Point in Pittsburgh Penguins zone.
15:14 of 3rd period - Snap shot by Nico Hischier.
15:14 of 3rd period - Shot Misses the Net.
16:36 of 3rd period - Penalty to Phillip Danault is over, Phillip Danault is back on ice.
16:50 of 3rd period - J.J. Moser is hit by Nick Foligno.
16:54 of 3rd period - Erik Gudbranson is hit by Nick Foligno and loses puck.
18:05 of 3rd period - Slapshot by Phillip Danault.
18:05 of 3rd period - Stopped by Sergei Bobrovsky with a rebound.
18:11 of 3rd period - Minor Penalty to David Savard for Holding Stick.
18:12 of 3rd period - Leon Draisaitl wins face-off versus Michael Mcleod in Washington Capitals zone.
18:23 of 3rd period - Slapshot by Leon Draisaitl.
18:23 of 3rd period - Deflect By Pavel Buchnevich.
18:23 of 3rd period - Goal by Pavel Buchnevich - Pittsburgh Penguins : 3 - Washington Capitals : 1.
18:24 of 3rd period - Michael Mcleod wins face-off versus Phillip Danault in neutral zone.
18:51 of 3rd period - Jason Robertson is hit by Pavel Buchnevich.
18:57 of 3rd period - Snap shot by Brayden Point.
18:57 of 3rd period - Shot Misses the Net.
Goals for this period are 1 for Pittsburgh Penguins vs 0 for Washington Capitals.
Shots for this period are 10 for Pittsburgh Penguins vs 5 for Washington Capitals.
Back to the Top